 Dungeon Crawl Stone Soup version 0.28.0 (webtiles) character file.

Game seed: 12500411544499750887

402 SnakkuSnakku7 the Skirmisher (level 6, -11/41 HPs)
             Began as a Tengu Enchanter on Feb 5, 2022.
             Was a Believer of Dithmenos.
             Mangled by an ogre (32 damage)
             ... on level 4 of the Dungeon.
             The game lasted 00:04:50 (4660 turns).

SnakkuSnakku7 the Skirmisher (Tengu Enchanter)      Turns: 4660, Time: 00:04:50

Health: -11/41     AC:  9    Str: 10    XL:     6   Next: 85%
Magic:  10/10      EV:  5    Int: 16    God:    Dithmenos [**....]
Gold:   68         SH:  5    Dex: 14    Spells: 9/9 levels left

rFire   . . .      SeeInvis .   j - +2 falchion (holy)
rCold   . . .      Faith    .   (no shield)
rNeg    + . .      Spirit   .   e - +0 chain mail
rPois   +          Reflect  +   (helmet restricted)
rElec   .          Harm     .   (no cloak)
rCorr   .          Rampage  .   i - +0 pair of gloves of Bicurat {+Inv rPois rN+}
Will    .....                   (boots unavailable)
Stlth   ..........              d - amulet of reflection
HPRegen 0.13/turn               (no ring)
MPRegen 0.12/turn               (no ring)

@: flying quickly and evasively, wreathed by umbra, quick
A: beak, talons 3, nimble flight
a: Renounce Religion, Evoke Invisibility, Shadow Step


You were on level 4 of the Dungeon.
You worshipped Dithmenos.
Dithmenos was pleased with you.
You visited 1 branch of the dungeon, and saw 4 of its levels.

You collected 68 gold pieces.

Inventory:

Hand Weapons
 a - a +1 dagger
 j - a +2 falchion of holy wrath (weapon)
Armour
 b - a +0 robe
 e - a +0 chain mail (worn)
 i - the +0 pair of gloves of Bicurat (worn) {+Inv rPois rN+}
   (You found it on level 3 of the Dungeon)

   rPois:     It protects you from poison.
   rN:        It protects you from negative energy.
   +Inv:      It lets you turn invisible.
Jewellery
 d - an amulet of reflection (around neck)
Scrolls
 k - a scroll of teleportation
Potions
 c - 2 potions of invisibility
 f - 4 potions of curing
 h - 2 potions of brilliance {unknown}
 n - a potion of berserk rage
 p - 2 potions of heal wounds {unknown}
 q - a potion of ambrosia {unknown}


   Skills:
 + Level 5.8 Fighting
 - Level 1.1 Short Blades
 - Level 3.0 Throwing
 - Level 2.1 Dodging
 - Level 3.0 Stealth
 - Level 2.0 Spellcasting
 - Level 2.1 Hexes


You had 9 spell levels left.
You didn't know any spells.
Your spell library contained the following spells:

 Spells                   Type           Power      Damage    Failure   Level
 Ensorcelled Hibernation  Hex/Ice        10%        N/A       100%        2
 Confusing Touch          Hex            8%         N/A       100%        3
 Dazzling Flash           Conj/Hex       10%        N/A       100%        3
 Tukima's Dance           Hex            8%         N/A       100%        3


Dungeon Overview and Level Annotations

Branches:
Dungeon (4/15)
 Temple: D:4-7

Altars:
Dithmenos


Innate Abilities, Weirdness & Mutations

You have a beak for a mouth.
You have claws for feet.
Your magical nature lets you fly swiftly and evasively.


Message History

An ogre comes into view. It is wielding a +0 giant club.
Found 13 gold pieces.
The ogre shouts!
An ogre is nearby!
An ogre is nearby!
Throw: 4 darts (poison)
Press: ? - help, Q - select action, (/) - cycle Shift-Dir - straight line, f - ogre
Aim: an ogre, wielding a +0 giant club (76% to hit)
You throw a poisoned dart. The poisoned dart hits the ogre.
The ogre is poisoned.
Unknown command.
Throw: 3 darts (poison)
Press: ? - help, Q - select action, (/) - cycle Shift-Dir - straight line, f/p - ogre
Aim: an ogre, wielding a +0 giant club (poisoned, 76% to hit)
You throw a poisoned dart. The poisoned dart hits the ogre.
The ogre looks even sicker.
Unknown command.
Throw: 2 darts (poison)
Press: ? - help, Q - select action, (/) - cycle Shift-Dir - straight line, f/p - ogre
Aim: an ogre, wielding a +0 giant club (very poisoned, 76% to hit)
You throw a poisoned dart.
The poisoned dart completely misses the ogre.
Unknown command.
You hit the ogre.
The ogre is moderately wounded.
The ogre hits you with a +0 giant club!!
Ouch! That really hurt!
You are too injured to fight recklessly!
You are too injured to fight recklessly!
Throw: dart (poison)
Press: ? - help, Q - select action, (/) - cycle Shift-Dir - straight line, f/p - ogre
Aim: an ogre, wielding a +0 giant club (moderately wounded, poisoned, umbra, 76% to hit)
You throw a poisoned dart. The poisoned dart hits the ogre.
The ogre looks even sicker.
The ogre is moderately wounded.
You completely miss the ogre. You peck the ogre, but do no damage.
The ogre is moderately wounded.
The ogre hits you with a +0 giant club!!
Ouch! That really hurt!
You die...

.....$(#######.##...#
................#..<#
.......########.#..#
...........# #....#
.......###.# ##.#.#
....... #.# ###)..###
......# #(# #.......#
#####. #O# #.......#
#. #@# #.......# .
#.# #####..## # #.#
##.## #.# #..# #.#
##.## #.#########..#
#...........>#
#.###..#######
###=##.#


You could see an ogre (very poisoned).

Vanquished Creatures
  An ice beast (D:3)
  An iguana (D:4)
  An orc wizard (D:3)
  Robin (D:2)
  4 gnolls (D:3)
  10 adders
  An adder skeleton (D:4)
  2 worms (D:2)
  2 dart slugs (D:2)
  10 orcs
  4 endoplasms
  3 giant cockroaches
  15 goblins
  12 hobgoblins
  5 jackals (D:2)
  5 quokkas (D:1)
  7 ball pythons
  3 bats
  2 frilled lizards (D:1)
  5 kobolds
  5 rats
99 creatures vanquished.

Notes
Turn   | Place    | Note
-------+----------+-------------------------------------------
     0 | D:1      | SnakkuSnakku7 the Tengu Enchanter began the quest for the
                  | Orb.
     0 | D:1      | Reached XP level 1. HP: 10/10 MP: 4/4
   223 | D:1      | Reached skill level 1 in Fighting
   264 | D:1      | Reached XP level 2. HP: 10/16 MP: 6/6
   640 | D:1      | Reached skill level 2 in Fighting
   990 | D:1      | Reached XP level 3. HP: 13/22 MP: 7/7
  1137 | D:2      | Found a faded altar of an unknown god.
  1395 | D:2      | Reached skill level 3 in Fighting
  1495 | D:2      | Prayed at the altar of an unknown god.
  1495 | D:2      | Became a worshipper of Dithmenos the Shadowed
  1495 | D:2      | Reached * piety under Dithmenos
  1585 | D:2      | Reached XP level 4. HP: 21/28 MP: 8/8
  1764 | D:2      | Noticed Robin
  2158 | D:2      | Killed Robin
  2159 | D:2      | Reached skill level 4 in Fighting
  2595 | D:2      | You fall into a shaft and drop 1 floor!
  2853 | D:3      | Reached ** piety under Dithmenos
  2854 | D:3      | Gained mutation: Your magical nature lets you fly swiftly
                  | and evasively. [Tengu growth]
  2854 | D:3      | Reached XP level 5. HP: 16/34 MP: 9/9
  3069 | D:3      | Identified the +0 pair of gloves of Bicurat {+Inv rPois
                  | rN+}
  3114 | D:3      | Noticed an ice beast
  3122 | D:3      | Killed an ice beast
  3123 | D:3      | Reached skill level 5 in Fighting
  3439 | D:3      | Reached XP level 6. HP: 28/40 MP: 10/10
  3578 | D:3      | Reached skill level 1 in Throwing
  4660 | D:4      | Mangled by an ogre

Illustrated notes

Levels and vault maps discovered:
D:1:      minmay_arrival_doors, layout_rooms, minmay_tiny_reverse_x
D:2:      layout_basic, shapermc_ecumenical_altar_pompeii,
          kennysheep_cross_room, minmay_misc_feat_enclosed, st_stairs_11,
          uniq_robin
D:3:      layout_loops_ring, minmay_snake_closets
D:4:      minmay_clustersquares, layout_basic, minmay_temple_entry_overgrown

Skill      XL: |  1  2  3  4  5  6 |
---------------+-------------------+-----
Fighting       | 1 2 3 4 5 |  5.8
Throwing       | 3 |  3.0
Short Blades   | |  1.1
Dodging        | |  2.1
Stealth        | |  3.0
Spellcasting   | |  2.0
Hexes          | |  2.1

Action                   |  1- 3 |  4- 6 || total
-------------------------+-------+-------++-------
Melee: Dagger            |   112 |    91 ||   203
       Kick              |    26 |    52 ||    78
       Peck              |    14 |    27 ||    41
       Punch             |     2 |     3 ||     5
       Falchion          |       |    95 ||    95
Throw: Dart              |       |     4 ||     4
  Use: Scroll            |       |     8 ||     8
 Stab: Sleeping          |     1 |       ||     1
Armor: Robe              |     5 |       ||     5
       Chain mail        |    53 |   101 ||   154
Dodge: Dodged            |    19 |    41 ||    60
Block: Other             |       |    32 ||    32
